[Event "2024 Fred Maris Cup (Division D)"]
[Site "Woodvale, Perth WA AUS"]
[Date "2024.07.17"]
[Round "5"]
[White "Hintz, Steven"]
[Black "Sethuraman, Jaswanth Ram"]
[Result "0-1"]
[ECO "A25"]
[WhiteElo "1567"]
[BlackElo "1539"]
[PlyCount "108"]
[EventDate "2024.06.12"]
[EventType "tourn"]
[EventRounds "5"]
[EventCountry "AUS"]
[TimeControl "3600+30"]

1. c4 e5 2. Nc3 Nf6 3. g3 Bb4 4. Qb3 Nc6 5. Bg2 Nd4 6. Qd1 O-O 7. e3 Nc6 8.
Nge2 Qe7 9. a3 Bxc3 10. Nxc3 Qc5 11. b3 d6 12. O-O a6 13. Qe2 Rd8 14. b4 Qa7
15. Nd5 Nxd5 16. Bxd5 Ne7 17. Bg2 d5 18. Bb2 f6 19. Bxd5+ Nxd5 20. cxd5 Rxd5
21. Qc4 Be6 22. Qe2 Rad8 23. d4 exd4 24. Bxd4 b6 25. Rfd1 Qb7 26. Bc3 h5 27.
Rd2 Bg4 28. f3 Rxd2 29. Bxd2 Bxf3 30. Qf2 Qd5 31. Bc3 Be4 32. Bb2 Qd2 33. Bd4
Qd3 34. Bb2 Qd1+ 35. Rxd1 Rxd1+ 36. Qf1 Rxf1+ 37. Kxf1 Kf7 38. Ke2 Ke6 39. Kd2
Kd5 40. Kc3 Bb1 41. Kd2 Ke4 42. Ke2 Bd3+ 43. Kd2 Bb5 44. Bd4 Kf3 45. Ke1 Kg2
46. e4 Kxh2 47. Kf2 Bc4 48. Kf3 Bd3 49. a4 Bxe4+ 50. Kxe4 Kxg3 51. Kf5 h4 52.
Be3 h3 53. Bf4+ Kg2 54. Bxc7 h2 0-1

[Event "2024 Fred Maris Cup (Division D)"]
[Site "Woodvale, Perth WA AUS"]
[Date "2024.07.17"]
[Round "5"]
[White "Michael, Ashley"]
[Black "Garang, Kuol Awan"]
[Result "0-1"]
[ECO "C45"]
[WhiteElo "1590"]
[BlackElo "1647"]
[PlyCount "84"]
[EventDate "2024.06.12"]
[EventType "tourn"]
[EventRounds "5"]
[EventCountry "AUS"]
[TimeControl "3600+30"]

1. e4 e5 2. Nf3 Nc6 3. d4 exd4 4. Nxd4 Nxd4 5. Qxd4 Ne7 6. Bg5 Nc6 7. Qd2 f6 8.
Bh4 Bd6 9. Bc4 Qe7 10. Nc3 Ne5 11. Bb3 Ng6 12. Bg3 Bxg3 13. hxg3 c6 14. O-O-O
b5 15. e5 fxe5 16. Ne4 d5 17. Ng5 h6 18. Bxd5 cxd5 19. Qxd5 Qxg5+ 20. f4 exf4
21. Qxa8 fxg3+ 22. Kb1 O-O 23. Qxa7 Be6 24. Rhe1 Bd5 25. Qc7 Ra8 26. b3 Qf4 27.
Qd7 Bxg2 28. Re8+ Rxe8 29. Qxe8+ Kh7 30. Rd8 Qf1+ 31. Kb2 Qf6+ 32. Kb1 h5 33.
Qg8+ Kh6 34. Rd2 h4 35. Qe8 Bc6 36. Qe3+ Qf4 37. Qxf4+ Nxf4 38. Rd6+ Ng6 39. c4
g2 40. Rd1 h3 41. cxb5 Be4+ 42. Kb2 h2 0-1

[Event "2024 Fred Maris Cup (Division E)"]
[Site "Woodvale, Perth WA AUS"]
[Date "2024.07.17"]
[Round "5"]
[White "Hagendoorn, Mark"]
[Black "Leech, Martin"]
[Result "0-1"]
[ECO "C01"]
[WhiteElo "1552"]
[BlackElo "1557"]
[PlyCount "130"]
[EventDate "2024.06.12"]
[EventType "tourn"]
[EventRounds "5"]
[EventCountry "AUS"]
[TimeControl "3600+30"]

1. e4 e6 2. d4 d5 3. exd5 exd5 4. Be3 Nf6 5. c4 c6 6. Nd2 Bf5 7. Ngf3 Be7 8.
Qb3 Qc7 9. Bf4 Qc8 10. Rc1 O-O 11. Bd3 Bxd3 12. Qxd3 Nbd7 13. O-O Re8 14. Rfe1
Qd8 15. c5 Nh5 16. Be5 Nxe5 17. Rxe5 Nf4 18. Qf5 Ng6 19. Re3 b6 20. b4 bxc5 21.
bxc5 Rb8 22. Nb3 a5 23. Ne5 Nxe5 24. Rxe5 a4 25. Nd2 Bf6 26. Rxe8+ Qxe8 27. Nf3
Rb2 28. Re1 Qd8 29. Ra1 a3 30. g4 Rb4 31. Rd1 g6 32. Qf4 Rb2 33. Rd2 Bg7 34.
Qe3 Qa5 35. Rxb2 axb2 36. Qb3 Qb5 37. Qxb5 cxb5 38. Nd2 Bxd4 39. c6 Be5 40. h3
Kf8 41. Kf1 Ke7 42. Ke2 Kd6 43. c7 Kxc7 44. Kd3 Kc6 45. Kc2 f6 46. f3 Kc5 47.
Nb3+ Kc4 48. Nd2+ Kb4 49. Nb1 Kc4 50. Nd2+ Kd4 51. Kxb2 Ke3+ 52. Kc2 Kf4 53.
Kd3 Kg3 54. Ke2 Kxh3 55. Nf1 h5 56. Ne3 d4 57. gxh5 gxh5 58. Nf1 Bf4 59. Kd3
Kg2 60. Ke2 h4 61. Ke1 d3 62. a3 Kxf3 63. Nd2+ Bxd2+ 64. Kxd2 h3 65. Kxd3 h2
0-1

[Event "2024 Fred Maris Cup (Division E)"]
[Site "Woodvale, Perth WA AUS"]
[Date "2024.07.17"]
[Round "5"]
[White "Raf, Adel"]
[Black "Brooke, John"]
[Result "1-0"]
[ECO "C25"]
[WhiteElo "1522"]
[BlackElo "1407"]
[PlyCount "49"]
[EventDate "2024.06.12"]
[EventType "tourn"]
[EventRounds "5"]
[EventCountry "AUS"]
[TimeControl "3600+30"]

1. e4 e5 2. Nc3 Nc6 3. Bb5 Nd4 4. Bc4 a6 5. Qh5 Qf6 6. Nd5 Qg6 7. Qxe5+ Be7 8.
Qxd4 Bd6 9. Ne2 Qxg2 10. Rg1 Qxh2 11. Qxg7 Qe5 12. Nxc7+ Bxc7 13. Qxf7+ Kd8 14.
Rxg8+ Rxg8 15. Qxg8+ Ke7 16. Qxh7+ Kd8 17. d4 Ba5+ 18. c3 Qf6 19. Qg8+ Kc7 20.
b4 Bb6 21. Bf4+ d6 22. e5 Qh4 23. exd6+ Kd7 24. Be6+ Kc6 25. Qe8+ 1-0

[Event "2024 Fred Maris Cup (Division F)"]
[Site "Woodvale, Perth WA AUS"]
[Date "2024.07.17"]
[Round "5"]
[White "Frankland, David"]
[Black "Gough, Sebastian"]
[Result "0-1"]
[ECO "B07"]
[WhiteElo "1145"]
[BlackElo "1191"]
[PlyCount "120"]
[EventDate "2024.06.12"]
[EventType "swiss"]
[EventRounds "5"]
[EventCountry "AUS"]
[TimeControl "3600+30"]

1. e4 Nf6 2. Nc3 d6 3. h3 c6 4. d3 g6 5. Bd2 Bg7 6. Be2 Qb6 7. Rb1 Nbd7 8. Na4
Qc7 9. b3 b5 10. Nb2 a5 11. g4 O-O 12. g5 Ne8 13. h4 Qa7 14. Nf3 Be5 15. Be3 c5
16. d4 Bg7 17. Bxb5 cxd4 18. Bxd4 Bxd4 19. Qxd4 Qxd4 20. Nxd4 Rb8 21. Bxd7 Bxd7
22. O-O a4 23. Nxa4 e5 24. Nf3 Rc8 25. c4 Bxa4 26. bxa4 Rxc4 27. Nd2 Rxa4 28.
Ra1 Rd4 29. Rfd1 f5 30. f3 fxe4 31. fxe4 Rf4 32. Rab1 Rxh4 33. Nf3 Rxd1+ 34.
Rxd1 Rxe4 35. Kg2 Ra4 36. Rd2 Kf7 37. Kg3 Ra3 38. Kg4 Kg7 39. Rh2 Nc7 40. Rc2
Ne6 41. Rd2 Ra4+ 42. Kg3 Nd4 43. Nh2 Nf5+ 44. Kf2 Rf4+ 45. Nf3 Nh4 46. Kg3 Nxf3
47. Rxd6 Nxg5 48. Rd7+ Rf7 49. Rxf7+ Nxf7 50. a4 Nd6 51. a5 Nb5 52. a6 h5 53.
Kf3 g5 54. Ke4 h4 55. Kxe5 h3 56. Kf5 h2 57. Kxg5 h1=Q 58. a7 Nxa7 59. Kf4 Qh5
60. Kg3 Kg6 0-1

[Event "2024 Fred Maris Cup (Division F)"]
[Site "Woodvale, Perth WA AUS"]
[Date "2024.07.17"]
[Round "5"]
[White "Markou, Victor"]
[Black "Hounsome, David"]
[Result "0-1"]
[ECO "C00"]
[WhiteElo "1042"]
[BlackElo "1393"]
[PlyCount "93"]
[EventDate "2024.06.12"]
[EventType "swiss"]
[EventRounds "5"]
[EventCountry "AUS"]
[TimeControl "3600+30"]

1. e4 b6 2. Nf3 Bb7 3. d3 e6 4. g3 d5 5. Nc3 Bb4 6. Bg2 dxe4 7. Nd2 Nf6 8. O-O
Bxc3 9. bxc3 O-O 10. Re1 Nbd7 11. Nxe4 Nxe4 12. dxe4 Nc5 13. Ba3 Qe7 14. Rb1
Rad8 15. Qc1 Rd7 16. Qe3 Rfd8 17. Bxc5 Qxc5 18. Qxc5 bxc5 19. Rxb7 c6 20. Rxd7
Rxd7 21. e5 Rd2 22. Rb1 g6 23. Bxc6 Rxc2 24. a4 Rxc3 25. Rb8+ Kg7 26. Rb7 Rc1+
27. Kg2 Ra1 28. Rxa7 c4 29. a5 c3 30. Be4 Ra2 31. Rc7 Rxa5 32. Rxc3 Rxe5 33. f3
f5 34. Bd3 Rd5 35. Rc7+ Kh6 36. Bc4 Rd6 37. Re7 Rd2+ 38. Kg1 Rc2 39. Bxe6 Re2
40. h4 g5 41. Bxf5 Rxe7 42. hxg5+ Kxg5 43. g4 h6 44. Kg2 Kf4 45. Be4 Rd7 46.
Kh3 Rd2 47. Kh4 0-1

[Event "2024 Fred Maris Cup (Division F)"]
[Site "Woodvale, Perth WA AUS"]
[Date "2024.07.17"]
[Round "5"]
[White "Rennie, Mike"]
[Black "Powell, Darren"]
[Result "0-1"]
[ECO "C20"]
[WhiteElo "923"]
[BlackElo "1283"]
[PlyCount "90"]
[EventDate "2024.06.12"]
[EventType "swiss"]
[EventRounds "5"]
[EventCountry "AUS"]
[TimeControl "3600+30"]

1. e4 e5 2. d3 Nc6 3. Nc3 d6 4. Nf3 Bg4 5. Be2 h6 6. g3 Bh3 7. a3 Qd7 8. Bf1
O-O-O 9. Be3 a6 10. Qe2 Bg4 11. h3 Nd4 12. Bxd4 Bxf3 13. Qxf3 exd4 14. Ne2 Nf6
15. Nxd4 Re8 16. Qf5 Qxf5 17. Nxf5 g6 18. Nh4 d5 19. O-O-O dxe4 20. Re1 Bc5 21.
Rh2 Re5 22. Be2 g5 23. Bg4+ Nxg4 24. hxg4 gxh4 25. gxh4 Rhe8 26. f4 exf3 27.
Rf1 Re1+ 28. Rxe1 Rxe1+ 29. Kd2 f2 30. Rxf2 Bxf2 31. g5 hxg5 32. h5 Rh1 33. Ke2
Bb6 34. c4 Rxh5 35. b4 Bg1 36. c5 f5 37. a4 f4 38. Kf3 Be3 39. b5 axb5 40. a5
c6 41. Ke4 g4 42. d4 Rd5 43. Kd3 g3 44. Ke4 Rxd4+ 45. Kf3 Rd2 0-1